 Dungeon Crawl Stone Soup version bcrawl-1.13-1-g4ae1fcee6e (webtiles) character file.

Game seed: 11481156598255853916

203 Camlann the Slasher (level 5, 0/31 HPs)
             Began as a Vine Stalker Archaeologist on July 29, 2019.
             Slain by an ogre
             ... wielding a +0 giant club
              (6 damage)
             ... on level 4 of the Dungeon.
             The game lasted 00:04:37 (2912 turns).

Camlann the Slasher (Vine Stalker Archaeologist)    Turns: 2912, Time: 00:04:38

Health: 0/31       AC:  7    Str: 14    XL:     5   Next: 81%
Magic:  6/6        EV: 13    Int: 14    God:
Gold:   191        SH:  0    Dex: 13    Spells: 4/4 levels left

rFire    . . .     SeeInvis .   j - +0 short sword
rCold    + . .     Gourm    .   (no shield)
rNeg     . . .     Faith    .   b - +1 robe
rPois    .         Spirit   .   c - +1 hat
rElec    .         Reflect  .   i - +0 cloak
rCorr    .         Harm     .   (no gloves)
MR       .....                  d - +1 pair of boots
Stlth    +++.......             (no amulet)
HPRegen  0.50/turn              o - ring of protection from cold
MPRegen  0.10/turn              (no ring)

@: about to teleport, studying Long Blades
A: fangs 2, regeneration 1, no potion heal 3, rot immunity, strong jaws
a: no special abilities


You were on level 4 of the Dungeon.
You were not hungry.

You visited 2 branches of the dungeon, and saw 5 of its levels.

You collected 191 gold pieces.


Innate Abilities, Weirdness & Mutations

You have extremely sharp teeth.
Your natural rate of healing is unusually fast.
Potions cannot restore your health.
You are immune to rotting.
Your bites deal extra damage.


   Skills:
 - Level 2.5 Fighting
 + Level 6.0 Long Blades
   Level 0.8 Maces & Flails
 - Level 3.0 Dodging
 - Level 4.4 Stealth


You had 4 spell levels left.
You didn't know any spells.
Your spell library was empty.

Dungeon Overview and Level Annotations

Branches:
Dungeon (4/12)             Temple (1/1) D:4

Altars:
Ashenzari
Cheibriados
Dithmenos
Elyvilon
Gozag
Hepliaklqana
Kikubaaqudgha
Lugonu
Ru
Trog
Uskayaw
Vehumet
Wu Jian
Xom
Yredelemnul

Inventory:

Hand Weapons
 j - a +0 short sword (weapon)
   (You took it off an orc on level 4 of the Dungeon)
Armour
 b - a +1 robe (worn)
 c - a +1 hat (worn)
 d - a +1 pair of boots (worn)
 i - a +0 cloak (worn)
   (You found it on level 3 of the Dungeon)
Jewellery
 o - a ring of protection from cold (left hand)
   (You found it on level 3 of the Dungeon)
Scrolls
 h - a scroll of amnesia
 l - a scroll of identify
 m - a scroll of remove curse
 n - a scroll of teleportation
 q - a scroll of blinking
Potions
 a - a potion of curing
 k - a potion of brilliance
 p - a potion of heal wounds
Books
 e - a manual of Long Blades {!d}
Miscellaneous
 f - an ancient crate
Comestibles
 g - 5 rations {!d}

,,* #.... ,,* #.... ,,* #....
,,*** ##### ,,,,*
,,,,*****####**********##########
,,,,,,,,,.....,,,,,,,,,..........
,,,,,,***##...l###############'##
,,,,>,,,,.....)OfO......#........
,,,,*,***##....####.....#........
,,,,*+****#.5.,* #........%.....
,,*,,,,,,....,,* #..............
,,*,,,,,,...,,,* ##..............
,,*,,,,,,..,,,,* #...............
*****,**,.,,,,,* #......#........
*,**,,,,,,,* #......#.####.##
***,**,,,,,,,* #......#..* #.#


You could see 2 ogres, a crimson imp and a frilled lizard.


Message History

The centaur zombie completely misses you.
You barely miss the centaur zombie.
The centaur zombie is moderately damaged.
The centaur zombie barely misses you. The orc closely misses you.
The centaur zombie barely misses you.
You hit the centaur zombie but do no damage.
The centaur zombie is moderately damaged.
Your surroundings suddenly seem different.
You start resting.
HP restored.
Items here: %% ))) [[[ You see here a leather armour.
There is a stone staircase leading up here.
There is a stone staircase leading down here.
All of the chunks of flesh in your inventory have rotted away.
You open the door.
Found a scroll of teleportation and a viscous grey potion.
There is an open door here.
a - a viscous grey potion A giant cockroach comes into view.
As you read the scroll of identify, it crumbles to dust.
a - a potion of curing You completely miss the giant cockroach.
You bite the giant cockroach, but do no damage.
The giant cockroach barely misses you.
The giant cockroach bites you but does no damage.
You hit the giant cockroach but do no damage.
You bite the giant cockroach, but do no damage.
The giant cockroach barely misses you.
You hit the giant cockroach but do no damage.
You bite the giant cockroach.
You kill the giant cockroach!
No target in view!
No target in view!
No target in view!
No target in view!
No target in view!
No target in view!
No target in view!
No target in view!
No target in view!
No target in view!
No target in view!
n - 2 scrolls of teleportation (gained 1)
Found a long sword.
As you open the door, it creaks loudly!
An ogre comes into view. It is wielding a +0 giant club.
Found a potion of brilliance.
You close the door.
An ogre opens the door.
A crimson imp comes into view.
The crimson imp shouts!
An ogre comes into view. It is wielding a +0 giant club.
A frilled lizard comes into view.
The frilled lizard hisses angrily.
The ogre shouts!
The crimson imp misses you.
As you read the scroll of teleportation, it crumbles to dust.
You feel strangely unstable. The crimson imp barely misses you.
You hit the crimson imp.
The crimson imp is lightly wounded.
The ogre closely misses you. The crimson imp misses you.
You hit the ogre.
The ogre is lightly wounded.
The crimson imp blinks!
The ogre hits you with a +0 giant club!!
Ouch! That really hurt!
* * * LOW HITPOINT WARNING * * *
You hit the ogre.
The ogre is lightly wounded.
The ogre hits you with a +0 giant club.
You die...

Action                   |  1- 3 |  4- 6 || total
-------------------------+-------+-------++-------
Melee: Whip              |   151 |   243 ||   394
       Bite              |     7 |    32 ||    39
       Short sword       |       |    50 ||    50
  Use: Scroll            |     6 |     7 ||    13
       Potion            |       |     3 ||     3
 Stab: Sleeping          |     6 |     1 ||     7
  Eat: Chunk             |       |     7 ||     7
Armor: Robe              |    64 |    63 ||   127
       Skin              |       |     7 ||     7
Dodge: Dodged            |   140 |   155 ||   295

Levels and vault maps discovered:
D:1:      moated_graveyard_arrival, layout_basic
D:2:      layout_rooms, nicolae_overflow_hidden_temple,
          grunt_temple_overflow_open, st_stairs_13, kennysheep_slug_shrine
D:3:      layout_basic, vehumet_crystals, elyvilon_altar_5,
          nicolae_ru_the_path_less_chosen, first_ration
D:4:      layout_basic, minmay_temple_entry_gardened_gates, grunt_ministairs_8
Temple:   jpeg_temple_alley_garden

Notes
Turn   | Place    | Note
-------+----------+-------------------------------------------
     0 | D:1      | Camlann the Vine Stalker Archaeologist began the quest for
                  | the Orb.
     0 | D:1      | Reached XP level 1. HP: 11/11 MP: 2/2
    33 | D:1      | Reached skill level 1 in Fighting
    76 | D:1      | Reached XP level 2. HP: 16/17 MP: 3/3
    77 | D:1      | Reached skill level 2 in Fighting
   255 | D:1      | Reached XP level 3. HP: 22/22 MP: 4/4
   554 | D:1      | Reached skill level 1 in Long Blades
   730 | D:2      | Found a snail-covered altar of Cheibriados.
   732 | D:2      | Found a bloodstained altar of Trog.
   823 | D:2      | Found a snail-covered altar of Cheibriados.
   855 | D:2      | Reached skill level 2 in Long Blades
   872 | D:2      | Reached skill level 3 in Long Blades
   872 | D:2      | Reached XP level 4. HP: 10/27 MP: 5/5
  1291 | D:3      | Reached skill level 4 in Long Blades
  1291 | D:3      | Reached XP level 5. HP: 15/31 MP: 6/6
  1404 | D:3      | Found a radiant altar of Vehumet.
  1428 | D:3      | Found a sacrificial altar of Ru.
  1482 | D:3      | Reached skill level 5 in Long Blades
  1658 | D:3      | Found a white marble altar of Elyvilon.
  2111 | D:4      | HP: 6/31 [gnoll/+0 club (4)]
  2115 | D:4      | HP: 2/31 [gnoll/+0 club (5)]
  2131 | D:4      | HP: 10/46 [gnoll/+0 whip (1)]
  2281 | D:4      | Found a staircase to the Ecumenical Temple.
  2293 | Temple   | Entered the Ecumenical Temple
  2706 | D:4      | Reached skill level 6 in Long Blades
  2897 | D:4      | Noticed an ogre
  2905 | D:4      | Noticed an ogre
  2911 | D:4      | HP: 6/31 [ogre/+0 giant club (25)]
  2912 | D:4      | Slain by an ogre

Vanquished Creatures
  2 hounds
  A hound skeleton (D:3)
  An adder (D:3)
  3 gnolls (D:4)
  An ooze (D:3)
  A worm (D:1)
  2 dart slugs
  5 leopard geckos (D:1)
  10 orcs
  2 ball pythons
  8 bats
  4 giant cockroaches
  4 goblins
  6 hobgoblins
  6 jackals
  3 frilled lizards
  4 kobolds
  A rat (D:2)
  A plant (D:4)
65 creatures vanquished.
